 Dungeon Crawl Stone Soup version 0.20-a0-151-g755e310 (webtiles) character file.

2335 KristoblXynda the Slasher (level 9, 0/67 HPs)
             Began as a Black Draconian Gladiator on Nov 22, 2016.
             Was a Follower of Makhleb.
             Slain by Erica
             ... wielding a +1 scimitar of flaming
              (8 damage)
             ... on level 8 of the Dungeon.
             The game lasted 00:14:27 (8091 turns).

KristoblXynda the Slasher (DrGl)                    Turns: 8091, Time: 00:14:28

Health: 0/67       AC: 10    Str: 22    XL:     9   Next: 19%
Magic:  13/13      EV: 16    Int: 11    God:    Makhleb [*.....]
Gold:   301        SH:  6    Dex: 13    Spells: 7/8 levels left

rFire  . . .     SeeInvis .     a - +1 long sword
rCold  . . .     Gourm    .     (armour unavailable)
rNeg   . . .     Faith    .     (no shield)
rPois  .         Spirit   .     b - +0 hat
rElec  +         Reflect  +     (no cloak)
rCorr  .         Harm     .     w - +0 pair of gloves
MR     +....                    s - +1 pair of boots
Stlth  +.........               f - +6 amulet of reflection
                                n - ring of protection from magic
                                i - ring of wizardry

@: mighty, short of breath, invisible
A: breathe lightning, unfitting armour, electricity resistance, cold-blooded, AC
+7
a: Breathe Lightning, Renounce Religion


You were on level 8 of the Dungeon.
You worshipped Makhleb.
Makhleb was aware of your devotion.
You were not hungry.

You visited 2 branches of the dungeon, and saw 9 of its levels.

You collected 301 gold pieces.

Inventory:

Hand Weapons
 a - a +1 long sword (weapon)
Missiles
 c - 4 throwing nets (quivered)
Armour
 b - a +0 hat (worn)
 s - a +1 pair of boots (worn)
 w - a +0 pair of gloves (worn)
Jewellery
 f - a +6 amulet of reflection (around neck)
 g - an uncursed ring of wizardry
 i - a ring of wizardry (left hand)
 n - a ring of protection from magic (right hand)
Scrolls
 e - a scroll of immolation
 k - a scroll of identify
 m - a scroll of fear
 r - a scroll of random uselessness {unknown}
 v - 2 scrolls of teleportation
 x - a scroll of blinking
 y - 2 scrolls of remove curse
Potions
 j - a potion of brilliance
 o - 2 potions of cancellation
 t - a potion of berserk rage {unknown}
 u - a potion of flight
Books
 p - a book of Conjurations

   Spells                             Type                      Level
   a - Magic Dart                     Conjuration                  1
   b - Searing Ray                    Conjuration                  2
   c - Dazzling Spray                 Conjuration/Hexes            3
   d - Fulminant Prism                Conjuration/Hexes            4
   e - Iskenderun's Mystic Blast      Conjuration                  4
   f - Iskenderun's Battlesphere      Conjuration/Charms           5
Comestibles
 d - 6 bread rations
 h - 6 meat rations
 z - 6 beef jerkies


   Skills:
 - Level 2.1 Fighting
 + Level 7.6 Long Blades
 - Level 5.0 Throwing
 - Level 7.0 Dodging
 + Level 0.0 Spellcasting
 + Level 5.4 Invocations


You had 7 spell levels left.
You knew the following spells:

 Your Spells              Type           Power        Failure   Level  Hunger
a - Magic Dart            Conj           #...         14%         1    ##.....


Dungeon Overview and Level Annotations

Branches:
Dungeon (8/15)             Temple (1/1) D:4
   Lair: D:8-11

Altars:
Dithmenos
Elyvilon
Fedhas
Hepliaklqana
Kikubaaqudgha
Makhleb
Nemelex Xobeh
Okawaru
Qazlal
Ru
Uskayaw
Xom
Yredelemnul
Zin
The Shining One

Shops:
D:5 %

Annotations:
D:8 Erica


Innate Abilities, Weirdness & Mutations

You can breathe wild blasts of lightning.
Your glossy black scales are hard. (AC +7)
You cannot fit into any form of body armour.
You are resistant to electric shocks. (rElec)
You are cold-blooded and may be slowed by cold attacks.


Message History

The orb of electricity explodes!
The orb of electricity engulfs something.
The orb of electricity engulfs you! You resist.
* * * LOW HITPOINT WARNING * * *
You feel somewhat more hungry.
You hear a howl!
Unknown command.
Unknown command.
Unknown command.
You aren't carrying any items that you can evoke.
Unknown command.
You feel very mighty all of a sudden. Something hits you!
* * * LOW HITPOINT WARNING * * *
Something burns you.
* * * LOW HITPOINT WARNING * * *
Unknown command.
You fade into invisibility!
Something hits you!
You die...

###### #....#
#....# #
#....#
#.#.##....#
#.........#
###.#.<...#
#...$.##
#....@.#
##.....#
#####.# #####
##.#### #....
#.....# #....
#.....# #..(.
#.....######
#....
##.........#
#....
.......#####.#
#....


There were no monsters in sight!

Vanquished Creatures
  Eustachio (D:6)
  A human (D:2)
  An ice beast (D:8)
  An orc warrior (D:6)
  4 ogres
  A centaur (D:6)
  3 bullfrogs
  3 scorpions
  3 killer bees (D:7)
  A howler monkey (D:6)
  4 crimson imps
  3 hounds
  2 jellies
  An orc priest (D:6)
  A centaur skeleton (D:7)
  Ijyb (D:3)
  Natasha (thrice) (D:3)
  2 bullfrog skeletons
  3 orc wizards
  4 worker ants
  2 hound zombies
  A worker ant zombie (D:5)
  5 adders
  A shadow imp (D:5)
  5 worms
  12 dart slugs
  4 leopard geckos
  16 orcs
  5 giant cockroaches
  7 hobgoblins
  14 jackals
  8 kobolds
  A quokka (D:7)
  2 ball pythons
  6 bats
  2 frilled lizards (D:3)
  11 goblins
  A kobold skeleton (D:2)
  A leopard gecko skeleton (D:5)
  A leopard gecko zombie (D:7)
  A quokka zombie (D:7)
  6 rats
155 creatures vanquished.

Notes
Turn   | Place    | Note
-------+----------+-------------------------------------------
     0 | D:1      | KristoblXynda the Draconian Gladiator began the quest for the Orb.
     0 | D:1      | Reached XP level 1. HP: 17/17 MP: 1/1
   133 | D:1      | Reached XP level 2. HP: 23/24 MP: 2/2
   569 | D:2      | Found a runed door.
   569 | D:2      | Found a basalt altar of Yredelemnul.
   569 | D:2      | Noticed a human
   576 | D:2      | Reached XP level 3. HP: 28/29 MP: 3/3
   653 | D:2      | Killed a human
   653 | D:2      | Reached XP level 4. HP: 25/36 MP: 4/4
   653 | D:2      | Reached XP level 5. HP: 29/41 MP: 5/5
  2076 | D:3      | Noticed Ijyb
  2110 | D:3      | Killed Ijyb
  2158 | D:3      | Reached XP level 6. HP: 48/48 MP: 6/6
  2213 | D:3      | Noticed Natasha
  2225 | D:3      | Killed Natasha
  2295 | D:3      | Noticed Natasha
  2308 | D:3      | Killed Natasha
  2335 | D:3      | Noticed Natasha
  2345 | D:3      | Killed Natasha
  2843 | D:4      | Found a staircase to the Ecumenical Temple.
  2850 | D:4      | Reached skill level 5 in Long Blades
  2871 | Temple   | Entered the Ecumenical Temple
  2897 | Temple   | Became a worshipper of Makhleb the Destroyer
  3373 | D:5      | Entered Level 5 of the Dungeon
  3440 | D:5      | Found Ziria's Food Emporium.
  3454 | D:5      | Your scales start taking on a glossy black colour.
  3454 | D:5      | Reached XP level 7. HP: 55/55 MP: 7/7
  3454 | D:5      | Gained mutation: You are resistant to electric shocks. (rElec) [Black Draconian growth]
  4079 | D:5      | Reached skill level 5 in Dodging
  4266 | D:6      | Reached skill level 5 in Throwing
  4334 | D:6      | Noticed Eustachio
  4397 | D:6      | Killed Eustachio
  4397 | D:6      | Reached XP level 8. HP: 27/61 MP: 7/9
  4701 | D:6      | Reached * piety under Makhleb
  7012 | D:7      | Learned a level 1 spell: Magic Dart
  7413 | D:7      | Reached XP level 9. HP: 66/67 MP: 12/12
  7701 | D:7      | Reached skill level 5 in Invocations
  8081 | D:8      | Noticed Erica
  8091 | D:8      | Slain by Erica

Vault maps used:
D:1:      sevenhm_arrival_forest_fort_large_1, minivault_23
D:2:      dk_yredelemnul_ordeal
D:3:      kennysheep_slugbush, uniq_natasha, uniq_iyjb
D:5:      first_bread, serial_shops, nicolae_shop_statue_plus
D:6:      uniq_eustachio
D:7:      grunt_ogre_cave
D:8:      uniq_erica
Temple:   compressed_dpeg_triangle_lava_temple

Skill      XL: |  1  2  3  4  5  6  7  8  9 |
---------------+----------------------------+-----
Throwing       | 2 3 4 5 |  5.0
Dodging        | 3 4 5 6 7 |  7.0
Long Blades    | 4 5 6 7 |  7.6
Invocations    | 2 4 5 |  5.4
Fighting       | |  2.1

Action                   |  1- 3 |  4- 6 |  7- 9 || total
-------------------------+-------+-------+-------++-------
Melee: Long sword        |    81 |   302 |   333 ||   716
       Tailslap          |    10 |    36 |    46 ||    92
 Abil: Breathe Lightning |       |       |    11 ||    11
  Use: Potion            |     1 |     1 |     5 ||     7
       Scroll            |       |    12 |     6 ||    18
 Stab: Sleeping          |       |     1 |       ||     1
       Invisible         |       |       |     4 ||     4
  Eat: Chunk             |       |     5 |     8 ||    13
       Pizza             |       |     1 |       ||     1
       Meat ration       |       |     1 |       ||     1
       Beef jerky        |       |       |     2 ||     2
       Bread ration      |       |       |     1 ||     1
Armor: Skin              |    43 |    77 |   104 ||   224
Dodge: Dodged            |    51 |   227 |   270 ||   548
Block: Other             |       |    13 |   123 ||   136
       Reflection        |       |       |     1 ||     1
       Rpst.: Long sword |    18 |    74 |    97 ||   189
